 Dungeon Crawl Stone Soup version 0.19.1 (webtiles) character file.

39 esteth the Conjurer (level 3, 0/19 HPs)
             Began as a Deep Elf Conjurer on Dec 14, 2016.
             Killed from afar by Sigmund (7 damage)
             ... with a magic dart
             ... on level 2 of the Dungeon.
             The game lasted 00:02:40 (1422 turns).

esteth the Conjurer (Deep Elf Conjurer)             Turns: 1422, Time: 00:02:41

Health: 0/19       AC:  3    Str:  5    XL:     3   Next: 26%
Magic:  3/10       EV: 13    Int: 20    God:
Gold:   113        SH:  0    Dex: 15    Spells: 1 memorised, 8 levels left

rFire  . . .     SeeInvis .     (no weapon)
rCold  . . .     Gourm    .     a - +0 robe
rNeg   . . .     Faith    .     (no shield)
rPois  .         Spirit   .     k - +1 hat
rElec  .         Reflect  .     (no cloak)
rCorr  .         Harm     .     (no gloves)
MR     .....                    (no boots)
Stlth  ++........               (no amulet)
                                (no ring)
                                (no ring)

@: no status effects
A: no striking features
a: no special abilities


You were on level 2 of the Dungeon.
You were very hungry.

You visited 1 branch of the dungeon, and saw 2 of its levels.

You collected 113 gold pieces.

Inventory:

Armour
 a - a +0 robe (worn)
 k - a +1 hat (worn)
Scrolls
 e - 2 scrolls of enchant armour {unknown}
 h - a scroll of remove curse {unknown}
 j - a scroll of teleportation {unknown}
 m - a scroll of magic mapping {unknown}
 o - 3 scrolls of identify {unknown}
 p - a scroll of fog {unknown}
Potions
 d - a potion of magic {unknown}
 g - a potion of agility {unknown}
 l - a potion of degeneration {unknown}
 n - 2 potions of curing {unknown}
Books
 b - a book of Conjurations

   Spells                             Type                      Level
   a - Magic Dart                     Conjuration                  1
   b - Searing Ray                    Conjuration                  2
   c - Dazzling Spray                 Conjuration/Hexes            3
   d - Fulminant Prism                Conjuration/Hexes            4
   e - Iskenderun's Mystic Blast      Conjuration                  4
   f - Iskenderun's Battlesphere      Conjuration/Charms           5
Comestibles
 c - 2 bread rations
 f - a meat ration
 i - a beef jerky


   Skills:
 - Level 2.4 Dodging
 - Level 2.4 Stealth
 + Level 3.6 Spellcasting
 + Level 5.3 Conjurations


You had 8 spell levels left.
You knew the following spells:

 Your Spells              Type           Power        Failure   Level  Hunger
a - Magic Dart            Conj           ####         1%          1    None


Dungeon Overview and Level Annotations

Branches:
Dungeon (2/15)

Altars:

Annotations:
D:2 Sigmund


Message History

The magic dart hits Sigmund.
Sigmund is severely wounded.
Sigmund closely misses you.
Casting: Magic Dart
Confirm with . or Enter, or press ? or * to list all spells.
Aiming: Magic Dart
Press: ? - help, Shift-Dir - straight line, f/p - Sigmund
Aim: Sigmund, wielding a scythe and wearing a robe (severely wounded)
The magic dart hits Sigmund.
Sigmund is severely wounded.
Casting: Magic Dart
Confirm with . or Enter, or press ? or * to list all spells.
Aiming: Magic Dart
Press: ? - help, Shift-Dir - straight line, f/p - Sigmund
Aim: Sigmund, wielding a scythe and wearing a robe (severely wounded)
The magic dart hits Sigmund.
Sigmund is almost dead.
Sigmund gestures at you while chanting. The magic dart hits you!
You die...

.##.#####.# ##########.
.... ..†.# #..........
... ..#.# #.########.
##.###.#.# #.#
#...##.#†###.# #
###...##.#.....# ##
#.##.........@##### #. #
#..........#..# #.### ..
####........@## #...# ..
###...##.##########..#.#
#...##.##............#
#....#.##.#######.####
#..#.#.##.# #.#
#....)....# #.#
#.#.#.##### #.# #..###.
######.##### #.# #.
............#


You could see Sigmund.

Vanquished Creatures
  2 oozes
  2 hobgoblins
  2 jackals (D:2)
  5 kobolds (D:1)
  2 ball pythons
  4 bats
  2 frilled lizards
  5 goblins
  8 rats (D:1)
32 creatures vanquished.

Notes
Turn   | Place    | Note
-------+----------+-------------------------------------------
     0 | D:1      | esteth the Deep Elf Conjurer began the quest for the Orb.
     0 | D:1      | Reached XP level 1. HP: 10/10 MP: 6/6
   341 | D:1      | Reached XP level 2. HP: 15/15 MP: 4/8
   398 | D:1      | Reached skill level 5 in Conjurations
  1029 | D:2      | Reached XP level 3. HP: 19/19 MP: 3/10
  1218 | D:2      | Noticed Sigmund
  1422 | D:2      | Killed from afar by Sigmund

Skill      XL: |  1  2 |
---------------+-------+-----
Conjurations   | 5 |  5.3
Dodging        | |  2.4
Stealth        | |  2.4
Spellcasting   | |  3.6

Action                   || total
-------------------------++-------
Melee: Unarmed           ||    21
 Cast: Magic Dart        ||    66
Armor: Robe              ||    12
Dodge: Dodged            ||    32
